 Dungeon Crawl Stone Soup version 0.28.0-47-ge53b351184 (webtiles) character file.

Game seed: 15848183244332773552

1304 seaoflcl the Cudgeller (level 8, -1/93 HPs)
             Began as a Human Fighter on May 2, 2022.
             Slain by Pikel
             ... wielding a +1 whip of flaming
              (3 damage)
             ... on level 7 of the Dungeon.
             The game lasted 00:08:08 (7525 turns).

seaoflcl the Cudgeller (Human Fighter)              Turns: 7525, Time: 00:08:09

Health: -1/93      AC:  9    Str: 22    XL:     8   Next: 88%
Magic:  8/8        EV:  9    Int:  9    God:
Gold:   261        SH:  5    Dex: 13    Spells: 7/7 levels left

rFire   . . .      SeeInvis .   m - +5 mace "Hivven" {speed, rCorr Str+4}
rCold   . . .      Faith    .   c - +0 buckler
rNeg    . . .      Spirit   .   t - +0 chain mail
rPois   .          Reflect  .   (no helmet)
rElec   .          Harm     .   (no cloak)
rCorr   +          Rampage  .   (no gloves)
Will    .....                   (no boots)
Stlth   ..........              (no amulet)
HPRegen 0.25/turn               (no ring)
MPRegen 0.11/turn               (no ring)

@: berserking, studying Maces & Flails, very quick
A: no striking features
a: no special abilities


You were on level 7 of the Dungeon.
You visited 1 branch of the dungeon, and saw 7 of its levels.

You collected 261 gold pieces.

Inventory:

Hand Weapons
 a - a +0 long sword
 k - a +0 short sword
 m - the +5 mace "Hivven" (weapon) {speed, rCorr Str+4}
   (You found it on level 2 of the Dungeon)

   Attacks with this weapon are significantly faster.
   Str:       It affects your strength (+4).
   rCorr:     It protects you from acid and corrosion.
 q - a +1 vorpal hand axe
 r - a +1 mace of holy wrath
 x - the +3 spear "Qetaog" {elec, rPois rC- Will- Str+9}
   (You found it on level 5 of the Dungeon)

   It occasionally discharges a powerful burst of electricity upon striking a
   foe.
   Str:       It affects your strength (+9).
   rC:        It makes you vulnerable to cold.
   rPois:     It protects you from poison.
   Will:      It decreases your willpower.
Armour
 c - a +0 buckler (worn)
 s - a +3 leather armour of poison resistance
 t - a +0 chain mail (worn)
Wands
 d - a wand of flame (11)
 g - a wand of acid (4)
 i - a wand of polymorph (4)
 A - a wand of digging (9)
Scrolls
 e - a scroll of vulnerability {unknown}
 f - 3 scrolls of fog
 h - 2 scrolls of immolation
 n - a scroll of magic mapping {unknown}
 p - a scroll of enchant armour {unknown}
 w - 2 scrolls of teleportation
 y - a scroll of silence {unknown}
 z - a scroll of identify
 B - a scroll of blinking {unknown}
Potions
 j - a potion of curing {unknown}
 l - a potion of brilliance {unknown}
 o - 2 potions of degeneration
 u - a potion of ambrosia {unknown}
 v - a potion of mutation {unknown}


   Skills:
 + Level 5.1 Fighting
 - Level 2.4 Long Blades
 * Level 6.3 Maces & Flails
 + Level 5.1 Armour
 + Level 3.6 Dodging
 + Level 5.0 Shields


You had 7 spell levels left.
You didn't know any spells.
Your spell library contained the following spells:

 Spells                   Type           Power      Damage    Failure   Level
 Call Canine Familiar     Summ           0%         N/A       100%        3
 Gell's Gravitas          Tloc           0%         N/A       100%        3
 Portal Projectile        Hex/Tloc       0%         N/A       100%        3
 Teleport Other           Tloc           0%         N/A       100%        3
 Leda's Liquefaction      Hex/Erth       0%         N/A       100%        4
 Dispersal                Tloc           0%         N/A       100%        6


Dungeon Overview and Level Annotations

Branches:
Dungeon (7/15)
 Temple: D:4-7

Altars:
Yredelemnul

Shops:
D:1 =   D:2 =

Annotations:
D:2 1 runed translucent door, Crazy Yiuf
D:7 Pikel


Message History

The killer bee stings you but does no damage.
You feel sick. The killer bee stings you.
You feel sick.
You are no longer poisoned.
Pikel and a lemure come into view.
Pikel is wielding a +1 whip of flaming.
Pikel shouts!
The lemure shouts!
You block the lemure's attack. The killer bee barely misses you.
A lemure comes into view.
The lemure shouts!
A lemure comes into view.
The lemure shouts!
The killer bee stings you.
* * * LOW HITPOINT WARNING * * *
Pikel closely misses you. The killer bee stings you!
* * * LOW HITPOINT WARNING * * *
You block the lemure's attack.
There is a stone staircase leading down here.
You block the killer bee's attack.
The killer bee stings you but does no damage.
The killer bee stings you.
* * * LOW HITPOINT WARNING * * *
Pikel closely misses you. You block the killer bee's attack. x2
The lemure closely misses you.
You climb downwards.
You hear the roar of battle.
There is an entrance to a bailey on this level.
Hurry and find it before the portal closes forever!
There is a stone staircase leading up here.
Okay, then.
Okay, then.
It was a potion of berserk rage.
A red film seems to cover your vision as you go berserk!
You feel yourself moving faster!
You feel mighty!
The killer bee stings you but does no damage.
The killer bee stings you.
* * * LOW HITPOINT WARNING * * *
The killer bee barely misses you.
Pikel hits you with a +1 whip of flaming.
* * * LOW HITPOINT WARNING * * *
Pikel burns you.
You die...

#........
+.......#
#.......#
#.......#
#.......+
#.......#
#....y..#
#...K@5.#
#.....y.#
#.......#
#.......#
#.......#
#.......#
#.......#
#.......#


You could see Pikel, a lemure and 2 killer bees.

Vanquished Creatures
  Grinder (D:5)
  An acid dragon (D:5)
  2 ogres (D:5)
  A phantom (D:6)
  A scorpion (D:3)
  A bullfrog (D:5)
  A wyvern skeleton (D:4)
  A killer bee (D:5)
  A howler monkey (D:6)
  2 hounds
  2 orc priests (D:3)
  A centaur skeleton (D:5)
  Ijyb (D:5)
  Terence (D:3)
  An iguana (D:5)
  An orc wizard (D:2)
  4 gnolls (D:4)
  13 adders
  An adder zombie (D:3)
  A worm (D:3)
  2 dart slugs
  19 orcs
  7 ball pythons
  2 bats
  6 endoplasms
  A giant cockroach (D:2)
  4 goblins
  8 hobgoblins
  4 jackals (D:2)
  8 kobolds
  A quokka (D:5)
  A ball python zombie (D:3)
  3 frilled lizards
  2 quokka zombies (D:3)
  5 rats
111 creatures vanquished.

Notes
Turn   | Place    | Note
-------+----------+-------------------------------------------
     0 | D:1      | seaoflcl the Human Fighter began the quest for the Orb.
     0 | D:1      | Reached XP level 1. HP: 18/18 MP: 1/1
   515 | D:1      | Found Yryluutt's Jewellery Shop.
   535 | D:1      | Reached XP level 2. HP: 19/24 MP: 2/2
   669 | D:1      | You fall into a shaft and drop 1 floor!
   875 | D:2      | Found Porphudgh's Jewellery Boutique.
   921 | D:2      | Reached XP level 3. HP: 29/29 MP: 3/3
  1034 | D:1      | Found a faded altar of an unknown god.
  1659 | D:2      | Found a runed translucent door.
  1660 | D:2      | Noticed Crazy Yiuf
  1661 | D:2      | Identified the +5 mace "Hivven" {speed, rCorr Str+4}
  2118 | D:2      | HP: 1/29 [poisoned by an adder]
  2119 | D:2      | Reached XP level 4. HP: 1/35 MP: 4/4
  2121 | D:2      | Reached skill level 1 in Maces & Flails
  2464 | D:3      | Reached skill level 1 in Dodging
  2662 | D:3      | Noticed Terence
  2672 | D:3      | Killed Terence
  2673 | D:3      | Reached XP level 5. HP: 23/41 MP: 5/5
  2914 | D:3      | Reached skill level 2 in Maces & Flails
  2930 | D:3      | Reached XP level 6. HP: 48/48 MP: 6/6
  3343 | D:3      | Found a basalt altar of Yredelemnul.
  4221 | D:4      | Reached skill level 3 in Maces & Flails
  4242 | D:3      | Reached XP level 7. HP: 10/54 MP: 7/7
  5917 | D:5      | Entered Level 5 of the Dungeon
  6190 | D:5      | Noticed Ijyb
  6195 | D:5      | Noticed an acid dragon
  6219 | D:5      | Killed Ijyb
  6220 | D:5      | Reached skill level 4 in Maces & Flails
  6223 | D:5      | Killed an acid dragon
  6224 | D:5      | Reached XP level 8. HP: 35/61 MP: 8/8
  6649 | D:5      | Identified the +3 spear "Qetaog" {elec, rPois rC- Will-
                  | Str+9}
  7057 | D:5      | Reached skill level 5 in Maces & Flails
  7142 | D:5      | Noticed Grinder
  7146 | D:5      | Paralysed by Grinder for 2 turns
  7158 | D:5      | Killed Grinder
  7224 | D:5      | Reached skill level 5 in Fighting
  7224 | D:5      | Reached skill level 6 in Maces & Flails
  7224 | D:5      | Reached skill level 5 in Armour
  7442 | D:6      | Reached skill level 5 in Shields
  7519 | D:6      | Noticed Pikel
  7525 | D:7      | HP: 2/93 [Pikel/+1 whip of flaming (5)]
  7525 | D:7      | Slain by Pikel

Illustrated notes

Levels and vault maps discovered:
D:1:      psy_arrival_statuary, layout_loops_corners,
          shapermc_ecumenical_altar_mp_urbaneastern, serial_shops, shop,
          minmay_strange_pillars, item_on_display_a
D:2:      layout_basic, serial_shops,
          nicolae_shop_temple_entry_statues_fountains, uniq_crazy_yiuf_cottage
D:3:      layout_loops_corners, nicolae_yredelemnul_corpse_copse,
          grunt_ministairs_10, hangedman_glass_teeth, uniq_terence
D:4:      layout_layer_cave, minmay_fountain_box
D:5:      layout_cave_pools, hangedman_decor_points, minmay_manual_mail,
          uniq_grinder, uniq_ijyb
D:6:      layout_rooms, mainiacjoe_overflow_catwalk, gammafunk_ghost_grave,
          dk_vineyard_3, minmay_misc_feat_ornament, minmay_door_square,
          uniq_pikel
D:7:      layout_gridville, mainiacjoe_overflow_24_doors,
          minmay_temple_entry_offerings, serial_shops,
          nicolae_shop_hallway_plus, enter_bailey_5, uniq_harold

Skill      XL: |  1  2  3  4  5  6  7  8 |
---------------+-------------------------+-----
Maces & Flails | 1 2 3 4 6 |  6.3
Dodging        | 1 2 3 |  3.6
Shields        | 4 5 |  5.0
Armour         | 4 5 |  5.1
Fighting       | 4 5 |  5.1
Long Blades    | |  2.4

Action                   |  1- 3 |  4- 6 |  7- 9 || total
-------------------------+-------+-------+-------++-------
Melee: Long sword        |    67 |       |       ||    67
       Mace              |     9 |   123 |   133 ||   265
Evoke: Wand              |       |       |     4 ||     4
  Use: Potion            |     1 |     1 |     4 ||     6
       Scroll            |       |       |     4 ||     4
Armor: Scale mail        |    28 |     7 |       ||    35
       Chain mail        |       |    30 |    45 ||    75
Dodge: Dodged            |    27 |    48 |    36 ||   111
Block: Buckler           |    19 |    30 |    31 ||    80
